 Dungeon Crawl Stone Soup version 0.26-a0-30-g56b8cd3df0 (webtiles) character file.

Game seed: 2231780538637324898, levelgen mode: deterministic

98 MisterFreud the Skirmisher (level 4, -3/49 HPs)
             Began as an Octopode Gladiator on May 30, 2020.
             Killed from afar by Ijyb (16 damage)
             ... with a bolt of acid
             ... on level 3 of the Dungeon.
             The game lasted 00:02:03 (2077 turns).

MisterFreud the Skirmisher (Octopode Gladiator)     Turns: 2077, Time: 00:02:04

Health: -3/49      AC: 18    Str: 13    XL:     4   Next: 69%
Magic:  4/4        EV:  2    Int: 11    God:
Gold:   51         SH:  0    Dex: 13    Spells: 3/3 levels left

rFire    . . .     SeeInvis .   a - +0 long sword
rCold    . . .     Gourm    .   (no shield)
rNeg     + + +     Faith    .   (helmet currently unavailable)
rPois    +         Spirit   .   (no amulet)
rElec    .         Reflect  .   (no ring)
rCorr    .         Harm     .   (no ring)
MR       .....     NoTele   +   (no ring)
Stlth    +.........             (no ring)
HPRegen  0.16/turn              (no ring)
MPRegen  0.09/turn              (no ring)
                                (no ring)
                                (no ring)

@: tree-form, corroded
A: almost no armour, stealthy swim, (amphibious), 8 rings, (constrict 8)
a: no special abilities


You were on level 3 of the Dungeon.
You were not hungry.
You were a tree.
You visited 1 branch of the dungeon, and saw 3 of its levels.

You collected 51 gold pieces.

Inventory:

Hand Weapons
 a - a +0 long sword (weapon)
Missiles
 c - 3 throwing nets
 l - 8 atropa-tipped darts
 m - 13 poisoned darts (quivered)
 t - 5 javelins
Armour
 b - a +0 hat (melded)
Jewellery
 q - an uncursed ring of fire
Wands
 s - a wand of clouds (4)
Scrolls
 e - a scroll of teleportation {unknown}
 g - a scroll of amnesia {unknown}
 j - a scroll of magic mapping {unknown}
 o - 2 scrolls of identify {unknown}
 p - a scroll of enchant armour {unknown}
 r - a scroll of remove curse {unknown}
Potions
 h - a potion of might
 i - a potion of magic {unknown}
 k - a potion of resistance {unknown}
 n - 2 potions of flight
Comestibles
 d - 4 rations


   Skills:
 - Level 4.0 Fighting
 + Level 3.9 Long Blades
 - Level 2.0 Throwing
 - Level 3.0 Dodging


You had 3 spell levels left.
You didn't know any spells.
Your spell library was empty.

Dungeon Overview and Level Annotations

Branches:
Dungeon (3/15)

Altars:
Dithmenos
Ru
Trog
Xom

Annotations:
D:3 Ijyb


Innate Abilities, Weirdness & Mutations

You cannot wear most types of armour.
You are very stealthy in the water. (Stealth+)
((You are amphibious.))
You can wear up to eight rings at the same time.
((You can use your tentacles to constrict eight enemies at once.))
((Your skin changes colour to match your surroundings (Stealth+).))
((Your rubbery body absorbs attacks. (AC +1, EV +1)))


Message History

t - 5 javelins Ijyb the Twisted Goblin comes into view.
She is wielding a +0 club and carrying a wand of acid (3).
Ijyb shouts!
Ijyb is nearby!
Ijyb is nearby!
Ijyb zaps a wand.
The bolt of acid hits you! The acid corrodes you!
You are splashed with acid!
* * * LOW HITPOINT WARNING * * *
You are too injured to fight recklessly!
You are too injured to fight recklessly!
Quiver which item? (- for none, * to show all) (? for menu, Esc to quit)
Okay, then.
Unknown command.
It was a potion of flight.
You feel very buoyant.
You fly up into the air.
It was a potion of lignification.
You turn into a tree.
Your +0 hat melds into your body.
Your roots penetrate the ground.
Ijyb zaps a wand.
The bolt of acid hits you!
You die...

#.............>...# ...
#..............#..# ....
##.............+..# ....)
#...#.........##....._...
#...#............#.......
########.........#.......
#............... .....
#.............. ##.###
#......♣....... ......
#.............. .. ...
#......g....... ...
#.......$...... ...
#........##.... ...
#......... .... ...
#......... ... ..
#.......... ##


You could see Ijyb.

Vanquished Creatures
  Terence (D:2)
  2 adders
  4 dart slugs
  2 leopard geckos
  2 giant cockroaches
  5 goblins
  4 hobgoblins
  4 jackals
  4 kobolds
  A ball python (D:2)
  5 bats
  4 frilled lizards
  7 rats
45 creatures vanquished.

Notes
Turn   | Place    | Note
-------+----------+-------------------------------------------
     0 | D:1      | MisterFreud the Octopode Gladiator began the quest for the
                  | Orb.
     0 | D:1      | Reached XP level 1. HP: 14/14 MP: 1/1
    19 | D:1      | Reached XP level 2. HP: 20/20 MP: 2/2
   127 | D:1      | Reached skill level 3 in Fighting
   341 | D:1      | Reached XP level 3. HP: 24/26 MP: 3/3
   669 | D:2      | Noticed Terence
   679 | D:2      | Killed Terence
   679 | D:2      | Reached skill level 4 in Fighting
   755 | D:2      | Reached XP level 4. HP: 31/33 MP: 4/4
   893 | D:2      | Found a shadowy altar of Dithmenos.
  1074 | D:2      | Found a shimmering altar of Xom.
  1426 | D:2      | Found a bloodstained altar of Trog.
  1957 | D:3      | Found a sacrificial altar of Ru.
  2073 | D:3      | Noticed Ijyb
  2077 | D:3      | Killed from afar by Ijyb

Illustrated notes

Levels and vault maps discovered:
D:1:      dpeg_arrival_fog, layout_rooms
D:2:      minmay_door_path, layout_loops_ring, grunt_dithmenos_smoke,
          nicolae_overflow_crystal_walls, lemuel_doored_altar,
          minmay_misc_feat_columns, uniq_terence
D:3:      wad_woods_tower, layout_basic, lemuel_coloured_pillars_altar,
          old_standard_altar, uniq_ijyb

Skill      XL: |  1  2  3 |
---------------+----------+-----
Fighting       | 3 4 |  4.0
Long Blades    | |  3.9
Throwing       | |  2.0
Dodging        | |  3.0

Action                   |  1- 3 |  4- 6 || total
-------------------------+-------+-------++-------
Melee: Long sword        |    31 |    26 ||    57
       Constrict         |    13 |     9 ||    22
       Tentacles         |     7 |     4 ||    11
Throw: Dart              |     5 |       ||     5
  Use: Potion            |       |     2 ||     2
 Stab: Sleeping          |     2 |     5 ||     7
  Eat: Chunk             |       |     4 ||     4
Armor: Skin              |     1 |       ||     1
Dodge: Dodged            |    28 |    15 ||    43
       Rpst.: Long sword |    12 |     9 ||    21

Table legend:
 A = Non-vault XP
 B = Vault XP
 C = Vault XP percentage of total XP
 D = Non-vault monster count
 E = Vault monster count
 F = Vault count percentage of total count
                 A         B        C        D         E       F
            +---------+---------+-------+---------+---------+-------
      Total |     102 |      38 |  27.1 |      42 |       3 |   6.7
            +---------+---------+-------+---------+---------+-------
        D:1 |      44 |       0 |   0.0 |      22 |       0 |   0.0
        D:2 |      38 |      38 |  50.0 |      16 |       3 |  15.8
        D:3 |      20 |       0 |   0.0 |       4 |       0 |   0.0
            +---------+---------+-------+---------+---------+-------
